 Dungeon Crawl Stone Soup version 0.24.1-14-gf8d2b509d9 (webtiles) character file.

Game seed: 11051734732500217096, levelgen mode: deterministic

408 lepoulpe303 the Vexing (level 7, -3/39 HPs)
             Began as a Kobold Arcane Marksman on May 28, 2020.
             Slain by an iguana (4 damage)
             ... on level 4 of the Dungeon.
             The game lasted 00:20:16 (4505 turns).

lepoulpe303 the Vexing (Kobold Arcane Marksman)     Turns: 4505, Time: 00:20:17

Health: -3/39      AC:  2    Str:  8    XL:     7   Next: 13%
Magic:  9/10       EV: 17    Int: 16    God:
Gold:   110        SH:  0    Dex: 20    Spells: 1/10 levels left

rFire    . . .     SeeInvis +   b - +1 hand crossbow
rCold    . . .     Gourm    .   (shield restricted)
rNeg     . . .     Faith    .   f - +0 robe
rPois    .         Spirit   .   (no helmet)
rElec    .         Reflect  .   (no cloak)
rCorr    .         Harm     .   (no gloves)
MR       .....                  (no boots)
Stlth    ++........             (no amulet)
HPRegen  0.13/turn              S - ring of see invisible
MPRegen  0.12/turn              k - +5 ring of dexterity

@: no status effects
A: small, carnivore
a: no special abilities


You were on level 4 of the Dungeon.
You were completely stuffed.

You visited 1 branch of the dungeon, and saw 4 of its levels.

You collected 110 gold pieces.

Inventory:

Hand Weapons
 a - a +1 short sword of draining
 b - a +1 hand crossbow (weapon)
Missiles
 Q - 12 bolts (quivered)
Armour
 f - a +0 robe (worn)
 g - a +0 leather armour
Jewellery
 k - a +5 ring of dexterity (right hand)
 m - an uncursed ring of protection from magic
 S - a ring of see invisible (left hand)
Wands
 l - a wand of paralysis (6)
 u - a wand of polymorph (7)
Scrolls
 d - a scroll of enchant weapon
 h - a scroll of blinking {unknown}
 j - a scroll of magic mapping {!r}
 p - a scroll of random uselessness {unknown}
 s - a scroll of fog {unknown}
 t - a scroll of teleportation
Potions
 c - a potion of agility {unknown}
 i - a potion of ambrosia {unknown}
 n - a potion of haste {unknown}
 q - 2 potions of curing
 r - a potion of brilliance {unknown}
Comestibles
 e - 6 rations
 o - 12 chunks of flesh


   Skills:
 - Level 1.9 Fighting
 + Level 2.2 Short Blades
 * Level 4.4 Crossbows
 + Level 1.1 Armour
 + Level 3.5 Dodging
 - Level 0.2 Stealth
 + Level 2.4 Spellcasting
 * Level 4.5 Hexes
 + Level 1.6 Fire Magic


You had one spell level left.
You knew the following spells:

 Your Spells              Type           Power        Failure   Level  Hunger
a - Inner Flame           Hex/Fire       ##......     17%         3    ###....
b - Portal Projectile     Hex/Tloc       #.....       24%         3    ###....
s - Slow                  Hex            ###.....     4%          2    ###....
v - Corona                Hex            ###....      3%          1    #......

Your spell library contained the following spells:

 Spells                   Type           Power        Failure   Level  Hunger
 Cause Fear               Hex            ###.......   30%         4    #####..
 Leda's Liquefaction      Hex/Erth       #.........   61%         4    #####..


Dungeon Overview and Level Annotations

Branches:
Dungeon (4/15)
 Temple: D:4-7

Altars:
Sif Muna
Beogh

Annotations:
D:3 3 runed translucent doors, Sedillia's ghost, amateur NaFi


Innate Abilities, Weirdness & Mutations

You are small and have problems with some larger weapons.
You are carnivorous and can eat meat at any time.


Message History

The iguana closely misses you.
Firing (i - inventory)
Q - 15 bolts (quivered)
Aim: a worker ant (moderately wounded)
You shoot a bolt.
The bolt hits the worker ant but does no damage.
The worker ant barely misses you. The iguana barely misses you.
The worker ant barely misses you.
Firing (i - inventory)
Q - 14 bolts (quivered)
Aim: a worker ant (moderately wounded)
You shoot a bolt.
The bolt hits the worker ant but does no damage.
The worker ant closely misses you. The iguana closely misses you.
The worker ant misses you.
You don't know that spell.
Firing (i - inventory)
Q - 13 bolts (quivered)
Aim: a worker ant (moderately wounded)
You shoot a bolt. The bolt barely misses the worker ant.
The iguana bites you.
* * * LOW HITPOINT WARNING * * *
The worker ant barely misses you. The iguana bites you.
You die...

#..# ##.# #.# ### ##.## ...
.. #.###...# ##.# .
#.......# ###.##.# .
##.##...###....##.# .#
####......#...# #.# ##.#
#...##...<..#######.###...#
###............l@aĆ·(##..#
#####.)..#..####.....##
#.....##....##..#..######
#)##..##....##..##......#
#.##...##.#.....#######.#
#.##...##.#.....#
#.###.....###...### ..#
#.##..........##
.####.##...##.#.#..###


You could see an iguana and a worker ant.

Levels and vault maps discovered:
D:1:      dpeg_arrival_more_subterranean_lakeside_camping, layout_basic
D:2:      layout_loops_corners, first_ration
D:3:      layout_rooms, biasface_ghost_orc_armoury,
          minmay_misc_feat_secret_circle, led_sif_book, uniq_grinder
D:4:      layout_rooms, serial_shops, nicolae_shop_stone, uniq_eustachio

Notes
Turn   | Place    | Note
-------+----------+-------------------------------------------
     0 | D:1      | lepoulpe303 the Kobold Arcane Marksman began the quest for
                  | the Orb.
     0 | D:1      | Reached XP level 1. HP: 12/12 MP: 2/2
    43 | D:1      | Identified a +0 club
    43 | D:1      | Identified a +0 dagger
   115 | D:1      | Identified a +0 club
   125 | D:1      | Reached XP level 2. HP: 5/16 MP: 0/3
   129 | D:1      | Learned a level 2 spell: Slow
   658 | D:1      | Identified a +0 dagger
   740 | D:1      | Identified a cursed -3 short sword
  1069 | D:1      | Reached XP level 3. HP: 17/20 MP: 4/4
  1172 | D:1      | Reached skill level 3 in Crossbows
  1551 | D:2      | Identified a +0 hand crossbow
  1965 | D:2      | Reached XP level 4. HP: 15/26 MP: 0/6
  2177 | D:2      | Learned a level 3 spell: Inner Flame
  2335 | D:2      | Identified a +0 club
  2392 | D:2      | Identified a cursed -1 dagger
  2560 | D:2      | Identified a +1 short sword of draining
  2573 | D:2      | Identified 2 scrolls of magic mapping
  2574 | D:2      | Identified 2 scrolls of identify
  2574 | D:2      | Identified a ring of see invisible (You found it on level 1
                  | of the Dungeon)
  2695 | D:2      | Identified a +0 leather armour (You found it on level 2 of
                  | the Dungeon)
  2705 | D:2      | Identified a +0 robe
  2850 | D:3      | Reached XP level 5. HP: 12/30 MP: 7/7
  2854 | D:3      | HP: 7/30 [bat (1)]
  2859 | D:3      | HP: 3/30 [poisoned by an adder]
  2860 | D:3      | Identified 2 potions of curing
  3036 | D:3      | Identified a +0 broad axe of flaming
  3049 | D:3      | Identified an uncursed ring of protection from magic
  3071 | D:3      | Noticed Grinder
  3071 | D:3      | Identified a +0 dagger
  3086 | D:3      | Identified a +0 club
  3086 | D:3      | Identified a +0 leather armour
  3086 | D:3      | Identified a +0 leather armour
  3086 | D:3      | Identified a +0 trident
  3086 | D:3      | Identified a +0 leather armour
  3120 | D:3      | Reached skill level 1 in Short Blades
  3120 | D:3      | Reached skill level 3 in Dodging
  3120 | D:3      | Reached skill level 4 in Hexes
  3256 | D:3      | Identified a +0 club
  3264 | D:3      | Reached skill level 2 in Spellcasting
  3347 | D:3      | Identified a +0 scale mail
  3583 | D:3      | Killed Grinder
  3583 | D:3      | Reached skill level 4 in Crossbows
  3583 | D:3      | Reached skill level 1 in Armour
  3583 | D:3      | Reached skill level 1 in Fire Magic
  3583 | D:3      | Reached XP level 6. HP: 25/35 MP: 7/9
  3674 | D:3      | Learned a level 3 spell: Portal Projectile
  3871 | D:3      | Identified a +0 dagger
  3871 | D:3      | Identified a +0 leather armour
  3871 | D:3      | Identified an uncursed amulet of the gourmand
  3983 | D:3      | Found a shimmering blue altar of Sif Muna.
  3985 | D:3      | Identified a +0 dagger
  3985 | D:3      | Identified a +0 robe
  3986 | D:3      | Identified a +0 dagger
  3986 | D:3      | Identified a +0 robe
  4013 | D:3      | Identified 2 scrolls of teleportation
  4014 | D:3      | Identified 2 scrolls of enchant weapon
  4067 | D:3      | Identified a ring of dexterity (You found it on level 3 of
                  | the Dungeon)
  4102 | D:3      | Identified a +0 hand axe
  4102 | D:3      | Identified a +0 leather armour
  4105 | D:3      | Reached skill level 2 in Short Blades
  4158 | D:3      | Reached XP level 7. HP: 29/39 MP: 6/10
  4199 | D:3      | Found a runed translucent gate.
  4199 | D:3      | Identified a +0 flail
  4199 | D:3      | Identified a +3 flail of protection
  4199 | D:3      | Identified a +0 scale mail
  4199 | D:3      | Noticed Sedillia's ghost (amateur NaFi)
  4200 | D:3      | Identified a +0 flail
  4200 | D:3      | Identified a +0 leather armour
  4207 | D:3      | Found a runed translucent gate.
  4207 | D:3      | Found a runed translucent gate.
  4207 | D:3      | Identified a +0 club
  4207 | D:3      | Identified a +0 leather armour
  4208 | D:3      | Identified a +0 club
  4208 | D:3      | Identified a +0 leather armour
  4208 | D:3      | Identified the cursed +1 whip of the Spinneret {holy, rElec
                  | rPois}
  4208 | D:3      | Identified the +6 scale mail "Aghuzyp" {rElec Str+3 Stlth-}
  4208 | D:3      | Identified a +0 flail
  4208 | D:3      | Identified a +0 leather armour
  4209 | D:3      | Found a roughly hewn altar of Beogh.
  4360 | D:4      | Identified a +0 falchion
  4361 | D:4      | Identified a +0 club
  4365 | D:4      | Identified a +0 dagger
  4366 | D:4      | Identified a +1 hand axe of chopping
  4480 | D:4      | HP: 4/39 [iguana (7)]
  4505 | D:4      | HP: 1/39 [iguana (6)]
  4505 | D:4      | Slain by an iguana

Table legend:
 A = Turns spent in this place as a percentage of turns spent in the entire game.
 B = Non-inter-level travel turns spent in this place as a percentage of non-inter-level travel turns spent in the entire game.
 C = Inter-level travel turns spent in this place as a percentage of turns spent in this place.
 D = Turns resting spent in this place as a percentage of non-inter-level travel turns spent in this place.
 E = Turns spent auto-exploring this place as a percentage of non-inter-level travel turns spent in this place.
 F = Non-inter-level travel turns spent in this place divided by the number of levels of this place that you've seen.
                   A       B       C       D       E      F
               +-------+-------+-------+-------+-------+----------------------
         Total | 100.0 | 100.0 |   4.1 |  33.9 |  44.5 | 1080.2
       Dungeon | 100.0 | 100.0 |   4.1 |  33.9 |  44.5 | 1080.2
               +-------+-------+-------+-------+-------+----------------------

Table legend:
 A = Kills in this place as a percentage of kills in entire the game.
 B = Kills by you in this place as a percentage of kills by you in the entire game.
 C = Kills by friends in this place as a percentage of kills by friends in the entire game.
 D = Other kills in this place as a percentage of other kills in the entire game.
 E = Experience gained in this place as a percentage of experience gained in the entire game.
 F = Experience gained in this place divided by the number of levels of this place that you have seen.
                   A       B       C       D       E      F
               +-------+-------+-------+-------+-------+----------------------
         Total | 100.0 | 100.0 |   N/A |   N/A | 100.0 | 145.8
       Dungeon | 100.0 | 100.0 |   N/A |   N/A | 100.0 | 145.8
               +-------+-------+-------+-------+-------+----------------------

Skill      XL: |  1  2  3  4  5  6 |
---------------+-------------------+-----
Crossbows      | 3 4 |  4.4
Short Blades   | 1 2 |  2.2
Dodging        | 3 |  3.5
Hexes          | 4 |  4.5
Spellcasting   | 2 |  2.4
Armour         | 1 |  1.1
Fire Magic     | 1 |  1.6
Fighting       | |  1.9
Stealth        | |  0.2

Action                   |  1- 3 |  4- 6 |  7- 9 || total
-------------------------+-------+-------+-------++-------
Melee: Dagger            |   132 |    31 |       ||   163
       Short sword       |       |    49 |    17 ||    66
 Fire: Hand crossbow     |    27 |    69 |    15 ||   111
 Cast: Corona            |     8 |    19 |     1 ||    28
       Slow              |     2 |     1 |     3 ||     6
       Portal Projectile |       |     1 |       ||     1
  Use: Scroll            |       |     5 |       ||     5
       Potion            |       |     1 |       ||     1
 Stab: Sleeping          |     3 |     4 |       ||     7
  Eat: Chunk             |    12 |     8 |     1 ||    21
Armor: Robe              |    40 |    20 |     2 ||    62
Dodge: Dodged            |   145 |   119 |    31 ||   295

Vanquished Creatures
  Grinder (D:3)
  3 orc priests
  7 adders
  3 worms
  A dart slug (D:1)
  2 leopard geckos
  7 orcs
  16 bats
  4 goblins
  7 hobgoblins
  3 jackals (D:4)
  9 kobolds
  4 frilled lizards
  A quokka skeleton (D:4)
  5 rats
73 creatures vanquished.
